 Dungeon Crawl Stone Soup version 0.30-b1-2-g02819fbbbe (webtiles) character file.

Game seed: 11816858516730411965

18 Goblin1989 the Sneak (level 2, -3/16 HPs)
             Began as a Vine Stalker Chaos Knight on May 13, 2023.
             Was a Plaything of Xom.
             Succumbed to a cane toad's poison
             ... on level 1 of the Dungeon on June 15, 2023.
             The game lasted 00:07:10 (370 turns).

Goblin1989 the Sneak (Vine Stalker Chaos Knight)     Turns: 370, Time: 00:07:10

Health: -3/16      AC:  5    Str: 14    XL:     2   Next: 70%
Magic:  0/3        EV:  9    Int: 12    God:    Xom [......]
Gold:   19         SH:  7    Dex: 13    Spells: 1/1 levels left

rFire   . . .        a - +0 short sword (chaos)
rCold   . . .        f - +0 kite shield
rNeg    . . .        b - +2 leather armour
rPois   .            (no helmet)
rElec   .            (no cloak)
rCorr   .            (no gloves)
SInv    .            (no boots)
Will    .....        (no amulet)
Stlth   ++           (no ring)
HPRegen 0.22/turn    (no ring)
MPRegen 0.08/turn

%: guardian spirit
@: lethally poisoned (-3 -> -37), hasted, very quick
A: fangs 2, magic shield, antimagic bite, no potion heal 2
a: Renounce Religion


You were on level 1 of the Dungeon.
You worshipped Xom.
You were a very special plaything of Xom.
You visited 1 branch of the dungeon, and saw 2 of its levels.

You collected 19 gold pieces.

Inventory:

Hand Weapons
 a - a +0 short sword of chaos (weapon)
Armour
 b - a +2 leather armour (worn)
 f - a +0 kite shield (worn)
Scrolls
 e - a scroll of teleportation {unknown}
 i - a scroll of poison {unknown}
Potions
 d - a potion of heal wounds {unknown}
 g - 2 potions of curing {unknown}
 h - a potion of might {unknown}
Miscellaneous
 c - a piece from Xom's chessboard (15/15) (quivered)


   Skills:
 - Level 2.6 Fighting
 - Level 2.6 Short Blades
 - Level 1.5 Armour
 - Level 0.7 Dodging
 * Level 2.9 Stealth
 + Level 0.3 Shields


You had one spell level left.
You didn't know any spells.
Your spell library contained the following spells:

 Spells                   Type           Power      Damage    Failure   Level
 Ozocubu's Armour         Ice            0%         N/A       99%         3
 Ozocubu's Refrigeration  Ice            0%         4d7       100%        7


Dungeon Overview and Level Annotations

Branches:
Dungeon (2/15) Zot: 11631

Altars:


Innate Abilities, Weirdness & Mutations

You have extremely sharp teeth.
When hurt, damage is shared between your health and your magic reserves.
Your bite disrupts and absorbs the magic of your enemies.
Potions cannot restore your health.


Message History

You closely miss the goblin.
The goblin is severely wounded.
The goblin hits you with a +0 dagger.
You take 1 damage, and have 15/16 hp.
You barely miss the goblin.
The goblin is severely wounded.
The goblin hits you but does no damage.
You barely miss the goblin.
The goblin is severely wounded.
The goblin barely misses you.
You hit the goblin. You freeze the goblin.
You kill the goblin!
No target in view!
No target in view!
No target in view!
No target in view!
No target in view!
No target in view!
No target in view!
No target in view!
No target in view!
No target in view!
No target in view!
No target in view!
You now have 19 gold pieces (gained 13).
i - a scroll labelled HIRIHILUHA You see here a +0 chain mail.
Health restored: 16 A kobold comes into view.
It is wielding a +0 dagger.
A kobold is nearby!
The kobold shouts!
The kobold hits you but does no damage.
You closely miss the kobold. Your bite misses the kobold.
The kobold hits you with a +0 dagger.
You take 2 damage, and have 14/16 hp.
You closely miss the kobold. The kobold hits you with a +0 dagger.
You take 1 damage, and have 13/16 hp.
You hit the kobold.
The kobold changes into a shapeshifter!
The shapeshifter is moderately wounded.
The shapeshifter changes into a cane toad!
You hit the cane toad.
The cane toad is moderately wounded.
The cane toad closely misses you.
You hit the cane toad.
The cane toad suddenly seems more agile.
Your bite misses the cane toad.
The cane toad is moderately wounded.
The cane toad stings you!
Ouch! That really hurt!
* * * LOW HITPOINT WARNING * * *
You are too injured to fight recklessly!
You are too injured to fight recklessly!
You are too injured to fight recklessly!
You take 8 damage, and have 5/16 hp.
MASSIVE DAMAGE!!
You now have 1/3 mp.
You are too injured to fight recklessly!
You are too injured to fight recklessly!
You are too injured to fight recklessly!
You are too injured to fight recklessly!
You are too injured to fight recklessly!
You are too injured to fight recklessly!
You are too injured to fight recklessly!
You are too injured to fight recklessly!
You are too injured to fight recklessly!
You are too injured to fight recklessly!
You are too injured to fight recklessly!
You are too injured to fight recklessly!
You are too injured to fight recklessly!
You are too injured to fight recklessly!
You are too injured to fight recklessly!
You are too injured to fight recklessly!
A cane toad is nearby!
The cane toad attacks as you move away! The cane toad closely misses you.
You miss the cane toad.
You bite the cane toad, but do no damage.
The cane toad is moderately wounded.
The cane toad stings you but does no damage.
The cane toad stings you.
* * * LOW HITPOINT WARNING * * *
You are lethally poisoned!
The cane toad poisons you!
You take 2 damage, and have 3/16 hp.
You hit the cane toad but do no damage. You drain the cane toad.
The cane toad is moderately wounded.
You die... "NOOOOOOO, not my toy!"
Xom revives you!
You feel very sick. Xom grants you a minor favour.
You feel yourself speed up.
You are now a very special plaything of Xom.
The cane toad stings you.
You are more poisoned.
The cane toad poisons you!
You take 1 damage, and have 2/16 hp.
You now have 0/3 mp.
Unknown command.
Unknown command.
You hit the cane toad but do no damage. Your bite misses the cane toad.
The cane toad is moderately wounded.
You die...
Xom is highly amused! █████ █ ████████████

..... . ..........█
....█ █...........█
....████.█.........█
......█ ...█.█.....
███...████.█.█.█.███████
...........[............
.██...████.█.█.█@██████
.██...█ █.█.█.█F█
.█████████...█.█).......
.█ █..).██.█.███████ ..
▲.......█.█ ██
█....████.█ █....█ █.█
█....█ █.█ █....█ █.█


You could see a cane toad shaped shifter (agile, drained).

Vanquished Creatures
  A dart slug (D:1)
  A bat (D:2)
  An endoplasm (D:1)
  A giant cockroach (D:1)
  3 goblins
  A quokka (D:1)
  4 ball pythons
  A frilled lizard (D:2)
  3 rats
16 creatures vanquished.

Notes
Turn   | Place    | Note
-------+----------+-------------------------------------------
     0 | D:1      | Goblin1989 the Vine Stalker Chaos Knight began the quest
                  | for the Orb.
     0 | D:1      | Reached XP level 1. HP: 11/11 MP: 2/2
    24 | D:2      | Reached skill level 1 in Stealth
    34 | D:2      | XOM: silly message
   107 | D:2      | XOM: butterfly on damage
   114 | D:2      | XOM: silly message
   118 | D:2      | Reached XP level 2. HP: 9/16 MP: 1/3
   305 | D:1      | Found a faded altar of an unknown god.
   364 | D:1      | a kobold changed into a shapeshifter
   364 | D:1      | Noticed a shapeshifter (shapeshifter)
   364 | D:1      | a shapeshifter changed into a cane toad
   364 | D:1      | Noticed a cane toad (shapeshifter)
   369 | D:1      | Xom revived you
   369 | D:1      | XOM: potion effect (haste)
   370 | D:1      | Succumbed to a cane toad's poison

Illustrated notes

Levels and vault maps discovered:
D:1:      minmay_arrival_up_and_down, layout_basic,
          chequers_ecumenical_altar_simple, minmay_misc_feat_alley
D:2:      layout_loops_cross, uniq_sigmund

Skill      XL: |  1 |
---------------+----+-----
Stealth        | 2 |  2.9
Fighting       | |  2.6
Short Blades   | |  2.6
Armour         | |  1.5
Dodging        | |  0.7
Shields        | |  0.3

Action                     || total
---------------------------++-------
  Melee: Short sword       ||    51
         Bite              ||     8
   Stab: Sleeping          ||     3
 Armour: Leather armour    ||    20
  Dodge: Dodged            ||    26
  Block: Kite shield       ||     4
